 Dungeon Crawl Stone Soup version 0.31-a0-196-g86fe4a5e66 (webtiles) character file.

Game seed: 8850556366052419191

3149 UglyThing the Fighter (level 9, -6/81 HPs)
             Began as a Ghoul Gladiator on June 24, 2023.
             Was a Follower of Makhleb.
             Mangled by Erica
             ... wielding a +3 scimitar of flaming
              (12 damage)
             ... on level 8 of the Dungeon.
             The game lasted 00:25:34 (6955 turns).

UglyThing the Fighter (Ghoul Gladiator)             Turns: 6955, Time: 00:25:34

Health: -6/81      AC: 15    Str: 20      XL:     9   Next: 93%
Magic:  11/11      EV:  7    Int:  4 (5)  God:    Makhleb [*.....]
Gold:   457        SH:  0    Dex: 10      Spells: 8/8 levels left

rFire   + . .        a - +2 hand axe (vamp)
rCold   + + .        (no shield)
rNeg    + + +        l - +0 plate armour
rPois   ∞            c - +0 helmet
rElec   +            (no cloak)
rCorr   +            i - +0 pair of gloves
SInv    .            (no boots)
Will    .....        r - amulet of the acrobat Stlth
                     (no ring)
HPRegen 0.00/turn    (no ring)
MPRegen 0.12/turn

%: acrobat
@: mighty, brilliant, about to teleport, resistant, inhibited regen, slowed,
very slow
A: claws 1, cold resistance 1, negative energy resistance 3, inhibited
regeneration, torment resistance 2, devour on kill
a: Renounce Religion


You were on level 8 of the Dungeon.
You worshipped Makhleb.
Makhleb was aware of your devotion.
You visited 2 branches of the dungeon, and saw 9 of its levels.
You also visited: Sewer.

You collected 457 gold pieces.

Inventory:

Hand Weapons
 a - a +2 vampiric hand axe (weapon)
 b - the +11 sling "Ycsic" {drain, MP+9}
   (You found it on level 5 of the Dungeon)

   MP:        It affects your magic capacity (+9).
 t - a +0 war axe
Missiles
 e - a javelin
 A - a curare-tipped dart
Armour
 c - a +0 helmet (worn)
 i - a +0 pair of gloves (worn)
 l - a +0 plate armour (worn)
 E - a +0 leather armour
Jewellery
 r - an amulet of the acrobat (around neck)
 x - an amulet of faith
 G - a ring of ice
Wands
 k - a wand of charming (3)
 v - a wand of flame (12)
 C - a wand of iceblast (18)
Scrolls
 d - a scroll of fog {unknown}
 f - a scroll of enchant armour
 h - a scroll of blinking {unknown}
 j - 3 scrolls of teleportation
 m - 4 scrolls of revelation
 n - 2 scrolls of enchant weapon
 q - a scroll of amnesia {unknown}
 y - 2 scrolls of butterflies
 B - a scroll of immolation {unknown}
 H - a scroll of noise {unknown}
Potions
 g - a potion of brilliance
 o - 2 potions of resistance
 p - 4 potions of might
 s - a potion of heal wounds {unknown}
 u - a potion of degeneration {unknown}
 w - 2 potions of mutation
 z - 2 potions of invisibility {unknown}
 F - 2 potions of enlightenment {unknown}


   Skills:
 + Level 8.2 Fighting
 + Level 7.2 Axes
 - Level 2.0 Throwing
 + Level 6.4 Armour
 - Level 3.0 Dodging
 + Level 5.1 Invocations


You had 8 spell levels left.
You didn't know any spells.
Your spell library contained the following spells:

 Spells                   Type           Power      Damage    Failure   Level
 Poisonous Vapours        Pois/Air       0%         N/A       100%        2
 Call Canine Familiar     Summ           0%         N/A       100%        3
 Mephitic Cloud           Conj/Pois/Air  0%         N/A       100%        3
 Portal Projectile        Hex/Tloc       0%         N/A       100%        3
 Tukima's Dance           Hex            0%         N/A       100%        3
 Leda's Liquefaction      Hex/Erth       0%         N/A       100%        4
 Freezing Cloud           Conj/Ice/Air   0%         6-21      100%        5
 Blade Hands              Tmut           Unusable   N/A       N/A         5

Dungeon Overview and Level Annotations

Branches:
Dungeon (8/15)             Temple (1/1) D:5            Lair (0/5) D:8
  Sewer (visited)

Altars:
Cheibriados
Dithmenos
Gozag
Kikubaaqudgha
Makhleb
Okawaru
Qazlal
Vehumet
Xom

Shops:
D:1 [   D:3 :   D:4 *

Annotations:
D:7 1 runed translucent door, Crazy Yiuf
D:8 Erica


Innate Abilities, Weirdness & Mutations

You are immune to poison.
You have sharp fingernails.
Your flesh is cold resistant. (rC+)
You are immune to negative energy. (rN+++)
You do not regenerate when monsters are visible.
You are immune to unholy pain and torment.
You thrive by killing the living.


Message History

You feel less confused.
Erica points at you and mumbles some strange words.
You feel yourself slow down.
You closely miss Erica.
Erica hits you with a +3 scimitar of flaming!
Erica burns you. Erica hits you but does no damage.
You slash Erica!
You feel better.
Erica is moderately wounded.
Erica hits you with a +3 scimitar of flaming!
Erica burns you.
You slash Erica!
Erica is moderately wounded.
Erica hits you with a +3 scimitar of flaming!
Erica burns you.
Erica hits you with a +3 scimitar of flaming!
Erica burns you.
Unknown command.
It was a potion of resistance.
You feel protected. Erica barely misses you.
It was a potion of brilliance.
You feel clever all of a sudden.
Erica hits you with a +3 scimitar of flaming.
* * * LOW HITPOINT WARNING * * *
Erica hits you with a +3 scimitar of flaming!
* * * LOW HITPOINT WARNING * * *
It was a potion of mutation.
You feel extremely strange.
Your body decomposes!
You feel dopey.
Erica hits you with a +3 scimitar of flaming.
* * * LOW HITPOINT WARNING * * *
Erica burns you.
* * * LOW HITPOINT WARNING * * *
Okay, then.
As you read the scroll of teleportation, it crumbles to dust.
You feel strangely unstable.
Erica hits you with a +3 scimitar of flaming.
* * * LOW HITPOINT WARNING * * *
Erica hits you with a +3 scimitar of flaming!
You die...

.#.# #.#....#
##.#.###.#....##
#..#.#..........
#.##............
####@##<#..........
##....##.#.........
#......#.#.....# ...
.....#.....#.....#....
.... ###...#.@@.......
... ##...#.....##.##
.. #.........>.... .
.....###)...###.#
....##.....## # .....#
#.##### ..... ...
######.# #.


You could see Erica.

Vanquished Creatures
  2 hornets
  Prince Ribbit (D:6)
  Sigmund (D:4)
  Edmund (D:4)
  2 water moccasins
  A sky beast (D:8)
  2 ice beasts
  An ogre (D:4)
  3 centaurs (D:7)
  2 phantoms (D:6)
  A kobold brigand (Sewer)
  2 bullfrogs
  3 scorpions
  A wight (D:7)
  A vampire bat (D:5)
  2 howler monkeys
  3 hounds
  2 jellies (D:5)
  2 iguanas (D:5)
  An orc priest (D:5)
  3 orc wizards (D:5)
  A sleepcap (D:4)
  Ijyb (D:4)
  Robin (D:4)
  4 gnolls (D:5)
  8 river rats
  10 adders
  A white imp (D:6)
  2 ufetubi
  7 worms
  A dart slug (D:3)
  3 fire bats (D:5)
  9 orcs
  2 spectral bats (D:5)
  14 ball pythons
  3 bat skeletons (D:5)
  8 endoplasms
  2 giant cockroaches (D:3)
  8 goblins
  8 hobgoblins
  10 jackals
  4 quokkas
  13 bats
  A bat simulacrum (D:5)
  4 frilled lizards
  3 kobolds
  10 rats
175 creatures vanquished.

Vanquished Creatures (others)
  An ogre (D:5)
  A bat zombie (D:5)
2 creatures vanquished.

Grand Total: 177 creatures vanquished

Notes
Turn   | Place    | Note
-------+----------+-------------------------------------------
     0 | D:1      | UglyThing the Ghoul Gladiator began the quest for the Orb.
     0 | D:1      | Reached XP level 1. HP: 17/17 MP: 0/0
   490 | D:1      | Found Uthyr's Antique Armour Shop.
   551 | D:1      | Reached XP level 2. HP: 2/25 MP: 1/1
  1063 | D:2      | Reached XP level 3. HP: 30/30 MP: 2/2
  1256 | D:2      | Reached skill level 1 in Armour
  1610 | D:3      | Found a snail-covered altar of Cheibriados.
  1613 | D:3      | Found an ancient bone altar of Kikubaaqudgha.
  1616 | D:3      | Found a radiant altar of Vehumet.
  1649 | D:3      | Found Lebav's Book Boutique.
  1654 | D:3      | Reached skill level 3 in Fighting
  1658 | D:3      | Reached XP level 4. HP: 38/38 MP: 3/3
  2034 | D:3      | Found a faded altar of an unknown god.
  2036 | D:3      | Noticed an eye of devastation
  2057 | D:3      | Noticed a great orb of eyes
  2061 | D:3      | Noticed a golden eye
  2061 | D:3      | Noticed a floating eye
  2562 | D:4      | Noticed Ijyb
  2562 | D:4      | Noticed Robin
  2600 | D:4      | Killed Ijyb
  2601 | D:4      | Reached XP level 5. HP: 41/45 MP: 4/4
  2637 | D:4      | Killed Robin
  2654 | D:4      | Found an opulent altar of Gozag.
  2655 | D:4      | Noticed Edmund
  2712 | D:4      | Noticed an ogre
  2718 | D:4      | Killed an ogre
  2719 | D:4      | Reached skill level 4 in Fighting
  2719 | D:4      | Reached XP level 6. HP: 52/52 MP: 5/5
  2882 | D:4      | Found a glowing drain.
  2890 | Sewer    | Entered a sewer
  3253 | Sewer    | Reached XP level 7. HP: 41/60 MP: 6/6
  3715 | D:4      | Reached skill level 5 in Fighting
  3715 | D:4      | Found Lesock's Elemental Accessories.
  3775 | D:4      | Noticed Sigmund
  3791 | D:4      | Killed Sigmund
  3916 | D:4      | Reached skill level 5 in Axes
  3950 | D:5      | Entered Level 5 of the Dungeon
  4073 | D:5      | Reached XP level 8. HP: 66/70 MP: 7/7
  4141 | D:5      | Reached skill level 6 in Fighting
  4284 | D:5      | Found a stormy altar of Qazlal.
  4376 | D:5      | Found a staircase to the Ecumenical Temple.
  4385 | Temple   | Entered the Ecumenical Temple
  4395 | Temple   | Became a worshipper of Makhleb the Destroyer
  4412 | D:5      | Found an iron altar of Okawaru.
  4414 | D:5      | Noticed a hornet
  4425 | D:5      | Killed a hornet
  4426 | D:5      | Reached skill level 1 in Invocations
  4477 | D:5      | Identified the +11 sling "Ycsic" {drain, MP+9}
  4777 | D:5      | Reached skill level 5 in Armour
  4903 | D:5      | Reached * piety under Makhleb
  5068 | D:4      | Killed Edmund
  5142 | D:6      | Reached skill level 7 in Fighting
  5152 | D:6      | Reached XP level 9. HP: 66/79 MP: 10/10
  5406 | D:6      | Noticed Prince Ribbit
  5438 | D:6      | Killed Prince Ribbit
  5777 | D:6      | Found a shadowy altar of Dithmenos.
  6063 | D:7      | Noticed a hornet
  6090 | D:7      | Killed a hornet
  6104 | D:7      | Reached skill level 8 in Fighting
  6106 | D:7      | Upgraded the game from 0.31-a0-188-g5e087ee2ca to
                  | 0.31-a0-196-g86fe4a5e66
  6212 | D:7      | Found a shimmering altar of Xom.
  6482 | D:7      | Found a runed translucent door.
  6483 | D:7      | Noticed Crazy Yiuf
  6690 | D:8      | Reached skill level 5 in Invocations
  6933 | D:8      | Noticed Erica
  6937 | D:8      | Found a staircase to the Lair.
  6955 | D:8      | Mangled by Erica

Illustrated notes

Levels and vault maps discovered:
D:1:      minmay_arrival_four_loops, layout_basic, serial_shops, shop
D:2:      layout_basic, minmay_tetromino_s2
D:3:      layout_basic, grunt_temple_overflow_open,
          hellmonk_ecumenical_altar_watching_god, serial_shops,
          nicolae_shop_statue_plus
D:4:      layout_rooms, overflow_temple_1_default, lightli_sewer_entry_pipes,
          nicolae_elemental_shop, nicolae_goblin_pals, uniq_edmund, uniq_robin,
          uniq_sigmund
D:5:      layout_rooms, nicolae_overflow_crystal_walls, lemuel_tele_altar,
          minmay_temple_entry_overgrown, minivault_14, goddamned_bats
D:6:      layout_cave_pools, mainiacjoe_overflow_paths, uniq_prince_ribbit1
D:7:      layout_rooms, mainiacjoe_overflow_cross_hatched, zin_academy,
          uniq_crazy_yiuf_cottage
D:8:      wad_guarded_room, layout_basic, mainiacjoe_overflow_alcove_1,
          lair_entry_dummy, serial_ice, serial_ice_c, serial_ice_d,
          serial_ice_a, serial_ice_l, nicolae_ossuary_entry_false_entrances,
          uniq_erica, uniq_gastronok
Temple:   bh_familiar_temple

Skill      XL: |  1  2  3  4  5  6  7  8  9 |
---------------+----------------------------+-----
Axes           | 3 4 5 6 7 |  7.2
Throwing       | 2 |  2.0
Dodging        | 3 |  3.0
Armour         | 1 2 3 4 5 6 |  6.4
Fighting       | 3 4 5 7 8 |  8.2
Invocations    | 3 5 |  5.1

Action                     |  1- 3 |  4- 6 |  7- 9 || total
---------------------------+-------+-------+-------++-------
  Melee: War axe           |   118 |    66 |     2 ||   186
         Punch             |     1 |     2 |     4 ||     7
         Hand axe          |       |   247 |   443 ||   690
   Fire: Sling             |       |       |     2 ||     2
  Throw: Throwing net      |     1 |     1 |     5 ||     7
         Dart              |       |       |     3 ||     3
  Evoke: Wand              |       |       |     5 ||     5
    Use: Scroll            |       |     4 |     3 ||     7
         Potion            |       |       |     5 ||     5
   Stab: Held in net/web   |     1 |     1 |     1 ||     3
 Armour: Leather armour    |    38 |     3 |       ||    41
         Plate armour      |       |   157 |   350 ||   507
  Dodge: Dodged            |    84 |   132 |   246 ||   462

Table legend: (Time is in decaauts)
 A = Elapsed time spent in this place.
 B = Non-inter-level travel time spent in this place.
 C = Inter-level travel time spent in this place.
 D = Time resting spent in this place.
 E = Time spent auto-exploring this place.
 F = Levels seen in this place.
 G = Mean time per level.
                   A        B        C        D        E       F      G
               +--------+--------+--------+--------+--------+-----+--------+
         Total |   7246 |   6979 |    267 |    755 |   3997 |  10 |  724.6 |
       Dungeon |   6410 |   6149 |    261 |    702 |   3727 |   8 |  801.2 |
        Temple |     17 |     11 |      6 |      0 |      0 |   1 |   17.0 |
         Sewer |    818 |    818 |      0 |     53 |    269 |   1 |  818.0 |
               +--------+--------+--------+--------+--------+-----+--------+

Top non-repeatable levels by time:
     D:5: 1122 daAuts
     D:3: 960 daAuts
     D:1: 926 daAuts
     D:6: 924 daAuts
     D:4: 844 daAuts
     D:7: 836 daAuts
   Sewer: 818 daAuts
     D:2: 720 daAuts
     D:8: 75 daAuts
  Temple: 17 daAuts
